 Dungeon Crawl Stone Soup version 0.18.1-48-g4cf74bf (webtiles) character file.

88606 nikopol the Impaler (level 15, 0/198 HPs)
             Began as a Minotaur Berserker on Aug 3, 2016.
             Was the Champion of Trog.
             Slain by a death yak (11 damage)
             ... on level 8 of the Lair of Beasts.
             The game lasted 01:08:51 (20606 turns).

nikopol the Impaler (Minotaur Berserker)           Turns: 20606, Time: 01:08:52

Health: 0/198      AC: 17    Str: 29    XL:     15   Next: 47%
Magic:  14/14      EV: 16    Int:  4    God:    Trog [******]
Gold:   896        SH: 22    Dex: 14    Spells: 0 memorised, 14 levels left

rFire  . . .     SeeInvis .     q - +8 war axe "Xim Moba" {chop, Int+3}
rCold  + . .     Gourm    .     A - +0 scale mail
rNeg   + + .     Faith    .     s - +1 shield
rPois  .         Spirit   .     (helmet restricted)
rElec  .         Dismiss  .     S - +2 cloak
rCorr  .         Reflect  +     i - +2 pair of gloves of Dithmenos's Pride {rC+ MR+ Int-3}
SustAt .         Harm     .     H - +0 pair of boots
MR     ++...                    R - +6 amulet of reflection
Stlth  ..........               m - ring of positive energy
                                w - ring of positive energy

@: berserking, lethally poisoned (0 -> -1), very quick, very resistant to
hostile enchantments, extremely unstealthy
A: retaliatory headbutt, horns 2
a: Berserk, Trog's Hand, Brothers in Arms, Burn Spellbooks, Renounce Religion


You were on level 8 of the Lair of Beasts.
You worshipped Trog.
Trog was exalted by your worship.
You were not hungry.

You visited 2 branches of the dungeon, and saw 17 of its levels.
You also visited: Ice Cave.

You collected 1174 gold pieces.
You spent 278 gold pieces at shops.

Inventory:

Hand Weapons
 a - the +1 arbalest "Licacuad" {flame, rN+ SInv}
   (You found it on level 8 of the Lair of Beasts)

   It causes projectiles fired from it to burn those they strike, causing extra
   injury to most foes and up to half again as much damage against particularly
   susceptible opponents.
   It protects you from negative energy.
   It lets you see invisible.
 o - the +7 hand axe of Ixolovu {chop, +Inv +Fly rPois}
   (You found it on level 6 of the Lair of Beasts)

   It inflicts extra damage upon your enemies.
   It protects you from poison.
   It lets you turn invisible.
   It lets you fly.
 q - the +8 war axe "Xim Moba" (weapon) {chop, Int+3}
   (You found it in an ice cave)

   It inflicts extra damage upon your enemies.
   It affects your intelligence (+3).
 K - the +9 spear of Fear {holy, *Drain Str+7}
   (Trog gifted it to you on level 8 of the Lair of Beasts)

   It has been blessed by the Shining One to cause great damage to the undead
   and demons.
   It affects your strength (+7).
   It causes draining when unequipped.
 V - a +4 antimagic demon trident
Missiles
 b - 5 poisoned javelins
 N - 33 tomahawks (quivered)
 T - 4 exploding tomahawks
Armour
 i - the +2 pair of gloves of Dithmenos's Pride (worn) {rC+ MR+ Int-3}
   (You bought it in a shop on level 4 of the Dungeon)

   It affects your intelligence (-3).
   It protects you from cold.
   It affects your resistance to hostile enchantments.
 s - a +1 shield (worn)
 A - a +0 scale mail (worn)
 H - a +0 pair of boots (worn)
 L - a +1 leather armour of fire resistance
 S - a +2 cloak (worn)
Jewellery
 f - an uncursed ring of flight
 m - a ring of positive energy (right hand)
 w - a ring of positive energy (left hand)
 R - a +6 amulet of reflection (around neck)
Scrolls
 d - 10 scrolls of teleportation
 k - a scroll of enchant armour
 n - 3 scrolls of remove curse
 r - 3 scrolls of blinking
 x - 3 scrolls of magic mapping
 y - a scroll of identify
 B - a scroll of holy word
 G - 2 scrolls of fear
 O - a scroll of summoning
 U - 2 scrolls of recharging
 W - a scroll of silence
Potions
 e - a potion of heal wounds
 j - a potion of resistance
 l - 8 potions of curing
 t - a potion of might
 u - a potion of agility
 v - 2 potions of cure mutation
 z - 6 potions of brilliance
 D - 2 potions of magic
 E - a potion of cancellation
 F - a potion of invisibility
 I - a potion of berserk rage
 J - 2 potions of haste
 P - a potion of flight
Comestibles
 c - 11 bread rations
 g - 4 meat rations
 h - 15 fruits
 C - 10 slices of pizza


   Skills:
 + Level 12.1 Fighting
 * Level 6.2(11.8) Axes
 - Level 15.2(15.6) Polearms
 + Level 8.6 Throwing
 + Level 11.3 Armour
 + Level 10.6 Dodging
 * Level 15.2 Shields


You had 14 spell levels left.
You didn't know any spells.

Dungeon Overview and Level Annotations

Branches:
Dungeon (9/15)             Temple (0/1) D:7            Lair (8/8) D:9
 Shoals (0/4) Lair:6       Spider (0/4) Lair:3        Slime (0/6) Lair:8
    Orc: D:9-12

Altars:
Ashenzari
Elyvilon
Makhleb
Nemelex Xobeh
Qazlal
Ru
Xom
The Shining One

Shops:
D:4 *(*[   D:6 !   D:8 (


Innate Abilities, Weirdness & Mutations

You reflexively headbutt those who attack you in melee.
You have a pair of horns on your head.


Message History

You slash the death yak!
You kill the death yak!
Trog accepts your kill.
You slash the death yak!
The death yak is severely wounded.
You completely miss the guardian serpent.
The guardian serpent completely misses you.
You block the death yak's attack.
You slash the death yak! Your headbutt misses the death yak.
The death yak is severely wounded.
You slash the guardian serpent!
The guardian serpent is moderately wounded.
You feel sick.
You block the guardian serpent's attack.
You slash the death yak!
The death yak is almost dead.
You slash the guardian serpent!
The guardian serpent is severely wounded.
The death yak gores you!
You die...

...<........(.........P........P.
..............................P..
.......................P.........
P.......##..P....................
......P.#....P..........P........
#......##....##.........PP.....P.
#......#....###.........P......PP
##....##...##..††S....P.P....#.PP
.#....#...##...†@†.P...#....###P.
.##..##..##....Y††.....#.....*,..
.)#..#..##.............#,...,,,,,
..####.##.....###.......,,,,,,,,,
.#######....##*,,.......,,,,,,,,,
.##..##,).##*,,,,.......,,,,,,,,,
##....#,***,,,,,,.......,,*,*,,,,
...P..#**,,,,,,,,.......,***,,,,,
...P..#**,,,,,,,,,,,,,,*,,,,,,,,,


You could see a death yak and a guardian serpent.

Vanquished Creatures
  The ghost of Nicoed the Transmogrifier, a journeyman DrTm of Makhleb (Lair:6)
  Snorg (Lair:7)
  6 hydras
  The ghost of wemp the Unseen, a journeyman SpEn of Okawaru (Lair:8)
  Erolcha (D:9)
  A catoblepas (Lair:7)
  A queen ant (Lair:4)
  9 death yaks
  A lindwurm (Lair:8)
  A necromancer (IceCv)
  A hornet (Lair:8)
  An oklob plant (Lair:5)
  2 griffons
  3 wolf spiders
  6 elephants (Lair:4)
  2 ice statues (IceCv)
  13 spiny frogs
  11 black mambas
  2 torpor snails (Lair:8)
  11 ice devils (IceCv)
  2 rime drakes
  12 komodo dragons
  A troll (D:9)
  3 slime creatures (Lair:8)
  A jumping spider (Lair:3)
  Grinder (D:3)
  Prince Ribbit (D:6)
  2 boulder beetles
  14 blink frogs
  A giant leech (Lair:8)
  7 wyverns
  A human (D:7)
  A redback (Lair:3)
  44 yaks
  4 basilisks
  A steam dragon (Lair:5)
  7 hippogriffs
  10 soldier ants (Lair:4)
  19 water moccasins
  8 porcupines
  A sky beast (D:9)
  5 orc warriors
  2 ice beasts
  A phantom (D:5)
  A black bear (D:8)
  3 ogres
  4 wasps (Lair:8)
  5 wolves (Lair:7)
  7 centaurs
  13 crocodiles
  16 giant frogs
  6 scorpions
  5 killer bees
  2 electric eels (D:6)
  A howler monkey (D:8)
  A centaur zombie (D:8)
  6 crimson imps
  2 draconian simulacra (IceCv)
  5 hounds
  3 jellies
  10 orc priests
  A giant frog skeleton (D:4)
  Ijyb (D:2)
  A centaur skeleton (D:4)
  7 iguanas
  Terence (D:3)
  14 orc wizards
  6 hell rats (Lair:4)
  24 worker ants
  2 troll simulacra (IceCv)
  10 sheep
  2 centaur simulacra (IceCv)
  A hound zombie (D:6)
  2 hound skeletons
  A worker ant zombie (D:5)
  14 adders
  A naga simulacrum (IceCv)
  3 ogre simulacra (IceCv)
  52 river rats
  5 shadow imps
  12 white imps (Lair:8)
  2 oozes
  2 adder skeletons (D:6)
  6 worms
  3 dart slugs
  2 giant geckos
  53 orcs
  2 ball pythons
  7 giant cockroaches
  3 goblins
  7 hobgoblins
  3 jackals (D:1)
  2 quokkas
  9 bats
  A giant gecko zombie (D:6)
  2 giant newts
  7 kobolds
  A quokka zombie (D:7)
  2 rats
  5 fungi (Lair:8)
  2 plants
595 creatures vanquished.

Vanquished Creatures (others)
  4 sheep (D:9)
  44 fungi
  38 plants
86 creatures vanquished.

Grand Total: 681 creatures vanquished

Notes
Turn   | Place    | Note
--------------------------------------------------------------
     0 | D:1      | nikopol the Minotaur Berserker began the quest for the Orb.
     0 | D:1      | Reached XP level 1. HP: 19/19 MP: 0/0
   205 | D:1      | Reached XP level 2. HP: 13/27 MP: 1/1
   714 | D:2      | Noticed Ijyb
   726 | D:2      | Killed Ijyb
   726 | D:2      | Reached skill level 1 in Shields
   726 | D:2      | Reached XP level 3. HP: 33/33 MP: 2/2
   817 | D:2      | Reached ** piety under Trog
  1476 | D:3      | Reached XP level 4. HP: 40/40 MP: 3/3
  1793 | D:3      | Noticed Terence
  1802 | D:3      | Killed Terence
  1802 | D:3      | Reached XP level 5. HP: 32/46 MP: 4/4
  2043 | D:3      | Noticed Grinder
  2049 | D:3      | Paralysed by Grinder for 2 turns
  2055 | D:3      | Killed Grinder
  2055 | D:3      | Reached skill level 5 in Polearms
  2055 | D:3      | Reached XP level 6. HP: 33/53 MP: 5/5
  2542 | D:3      | Found a burning altar of Makhleb.
  2688 | D:4      | Found Imotai's Assorted Antiques.
  2745 | D:4      | Found Obreol's Assorted Antiques.
  2775 | D:4      | Found Ysats's Antique Weapon Emporium.
  2811 | D:4      | Found Ikaukh's Armour Emporium.
  2919 | D:4      | Found Wadghuol's Distillery.
  2997 | D:4      | Reached skill level 5 in Fighting
  3002 | D:4      | Reached XP level 7. HP: 47/61 MP: 6/6
  3618 | D:5      | Entered Level 5 of the Dungeon
  3648 | D:5      | Reached *** piety under Trog
  4037 | D:6      | Noticed Prince Ribbit
  4057 | D:6      | Killed Prince Ribbit
  4057 | D:6      | Reached skill level 5 in Armour
  4057 | D:6      | Reached XP level 8. HP: 38/70 MP: 7/7
  4383 | D:6      | Found Korghos's Distillery.
  4425 | D:6      | Reached skill level 5 in Dodging
  6061 | D:7      | Reached **** piety under Trog
  6127 | D:7      | Reached skill level 5 in Shields
  6135 | D:7      | Reached skill level 1 in Throwing
  6203 | D:7      | Reached XP level 9. HP: 70/78 MP: 8/8
  6318 | D:7      | Found a staircase to the Ecumenical Temple.
  6920 | D:8      | Reached ***** piety under Trog
  6965 | D:8      | Reached skill level 10 in Polearms
  7239 | D:8      | Found Devoesh's Antique Weapon Shoppe.
  7496 | D:4      | Bought the +2 pair of gloves of Dithmenos's Pride {rC+ MR+ Int-3} for 278 gold pieces
  8034 | D:8      | Found a sparkling altar of Nemelex Xobeh.
  8040 | D:8      | Found a shimmering altar of Xom.
  8082 | D:9      | Reached XP level 10. HP: 71/86 MP: 9/9
  8334 | D:8      | Received a gift from Trog
  8692 | D:9      | Found a shimmering altar of Xom.
  8813 | D:9      | Noticed Erolcha
  8829 | D:9      | Killed Erolcha
  9038 | D:9      | Found a shattered altar of Ashenzari.
  9042 | D:9      | Found a sacrificial altar of Ru.
  9047 | D:9      | Found a burning altar of Makhleb.
  9047 | D:9      | Found a white marble altar of Elyvilon.
  9047 | D:9      | Found a stormy altar of Qazlal.
  9051 | D:9      | Found a glowing golden altar of the Shining One.
  9220 | D:9      | Found a staircase to the Lair.
  9412 | Lair:1   | Entered Level 1 of the Lair of Beasts
  9850 | Lair:1   | Reached XP level 11. HP: 90/95 MP: 10/10
 10290 | Lair:1   | Received a gift from Trog
 11386 | Lair:2   | Reached skill level 5 in Throwing
 11394 | Lair:2   | Received a gift from Trog
 11394 | Lair:2   | Reached skill level 10 in Shields
 11712 | Lair:2   | Noticed a six-headed hydra
 11722 | Lair:2   | Killed a six-headed hydra
 12085 | Lair:2   | Reached ****** piety under Trog
 12600 | Lair:3   | Received a gift from Trog
 12830 | Lair:3   | Reached XP level 12. HP: 93/105 MP: 11/11
 13044 | Lair:3   | Found a hole to the Spider Nest.
 13951 | Lair:4   | Noticed a queen ant
 14097 | Lair:4   | Noticed a five-headed hydra
 14105 | Lair:4   | Killed a five-headed hydra
 14252 | Lair:4   | Received a gift from Trog
 14393 | Lair:4   | Noticed a death yak
 14394 | Lair:4   | Noticed a death yak
 14394 | Lair:4   | Noticed a death yak
 14394 | Lair:4   | Noticed a death yak
 14430 | Lair:4   | Killed a death yak
 14460 | Lair:4   | Noticed a death yak
 14465 | Lair:4   | Noticed a death yak
 14483 | Lair:3   | Killed a death yak
 14483 | Lair:3   | Reached skill level 10 in Fighting
 14497 | Lair:3   | Killed a death yak
 14727 | Lair:3   | Noticed an eight-headed hydra
 14740 | Lair:3   | Killed an eight-headed hydra
 14987 | Lair:4   | Killed a death yak
 14995 | Lair:4   | Killed a death yak
 15001 | Lair:4   | Killed a death yak
 15159 | Lair:4   | Killed a queen ant
 15219 | Lair:4   | Reached skill level 10 in Armour
 15222 | Lair:4   | Reached XP level 13. HP: 57/114 MP: 4/12
 15653 | Lair:4   | Received a gift from Trog
 17242 | Lair:6   | Noticed Nicoed's ghost (journeyman DrTm)
 17259 | Lair:6   | Killed Nicoed's ghost
 17318 | Lair:6   | Got an encrusted hand axe
 17319 | Lair:6   | Identified the +7 hand axe of Ixolovu {chop, +Inv +Fly rPois} (You found it on level 6 of the Lair of Beasts)
 17615 | Lair:6   | Found a staircase to the Shoals.
 18636 | Lair:7   | Reached skill level 10 in Dodging
 18638 | Lair:7   | Received a gift from Trog
 18690 | Lair:7   | Noticed Snorg
 18704 | Lair:7   | Killed Snorg
 18983 | Lair:8   | Entered Level 8 of the Lair of Beasts
 19012 | Lair:8   | Received a gift from Trog
 19099 | Lair:8   | Found a frozen archway.
 19114 | IceCv    | Entered an ice cave
 19362 | IceCv    | Reached skill level 15 in Polearms
 19368 | IceCv    | Received a gift from Trog
 19368 | IceCv    | Reached XP level 14. HP: 113/124 MP: 4/13
 19568 | IceCv    | Got a steaming war axe
 19859 | Lair:8   | Identified the +8 war axe "Xim Moba" {chop, Int+3} (You found it in an ice cave)
 19860 | Lair:8   | Reached skill level 5 in Axes
 19860 | Lair:8   | Reached XP level 15. HP: 103/130 MP: 4/14
 19911 | Lair:8   | Noticed wemp's ghost (journeyman SpEn)
 19929 | Lair:8   | Killed wemp's ghost
 19943 | Lair:8   | Received a gift from Trog
 19946 | Lair:8   | Got a blackened spear {god gift}
 19952 | Lair:8   | Identified the +9 spear of Fear {holy, *Drain Str+7} (Trog gifted it to you on level 8 of the Lair of Beasts)
 20010 | Lair:8   | Reached skill level 15 in Shields
 20324 | Lair:8   | Got an encrusted arbalest
 20331 | Lair:8   | Identified the cursed +1 arbalest "Licacuad" {flame, rN+ SInv} (You found it on level 8 of the Lair of Beasts)
 20606 | Lair:8   | Slain by a death yak

Skill      XL: |  1  2  3  4  5  6  7  8  9 10 11 12 13 14 15 |
---------------+----------------------------------------------+-----
Polearms       | 4 5 6 7 9 10 11 12 13 15 | 15.2
Fighting       | 4 5 6 7 8 9 10 11 12 | 12.1
Shields        | 1 2 3 5 7 9 10 12 13 14 15 | 15.2
Armour         | 3 4 5 6 7 9 10 11 | 11.3
Dodging        | 3 4 5 6 7 8 9 10 | 10.6
Throwing       | 1 3 4 5 6 7 8 |  8.6
Axes           | 5 6 |  6.2

Action                   |  1- 3 |  4- 6 |  7- 9 | 10-12 | 13-15 || total
-------------------------+-------+-------+-------+-------+-------++-------
Melee: Spear             |    90 |   102 |   489 |   874 |       ||  1555
       Headbutt          |    13 |    22 |    86 |   229 |   207 ||   557
       Halberd           |       |       |       |    53 |    66 ||   119
       Demon trident     |       |       |       |       |   584 ||   584
       War axe           |       |       |       |       |   152 ||   152
Throw: Tomahawk          |       |       |     4 |    12 |     5 ||    21
       Javelin           |       |       |       |       |     5 ||     5
Invok: Berserk           |     1 |     2 |     2 |     8 |     7 ||    20
       Burn Spellbooks   |       |       |       |     1 |     2 ||     3
       Trog's Hand       |       |       |       |       |     1 ||     1
 Abil: Evoke Flight      |       |       |     2 |       |       ||     2
  Use: Scroll            |       |       |    19 |     8 |     6 ||    33
       Potion            |       |       |     1 |       |     1 ||     2
 Stab: Sleeping          |     1 |       |       |       |       ||     1
       Petrified         |       |       |       |       |     1 ||     1
  Eat: Chunk             |     3 |     5 |    18 |    27 |    24 ||    77
       Fruit             |       |       |     1 |       |       ||     1
       Beef jerky        |       |       |     1 |     2 |     1 ||     4
Armor: Animal skin       |     5 |       |       |       |       ||     5
       Ring mail         |    13 |     4 |       |       |       ||    17
       Scale mail        |       |    14 |    59 |   149 |   109 ||   331
Dodge: Dodged            |    13 |    19 |   105 |   232 |   180 ||   549
Block: Shield            |    24 |    21 |   110 |   321 |   457 ||   933
       Other             |       |       |       |     7 |     2 ||     9
       Reflection        |       |       |       |       |     7 ||     7
